 Dungeon Crawl Stone Soup version 0.29.1-15-g9cfb28693d (webtiles) character file.

Game seed: 18226358666022367561

682 Cape the Magician (level 7, -5/50 HPs)
             Began as a Djinni Conjurer on Feb 22, 2023.
             Slain by an orc warrior
             ... wielding a +0 flail
              (16 damage)
             ... on level 5 of the Dungeon.
             The game lasted 00:17:38 (5701 turns).

Cape the Magician (Djinni Conjurer)                 Turns: 5701, Time: 00:17:39

Health: -5/50      AC:  3    Str:  4    XL:     7   Next: 93%
Gold:   197        EV: 12    Int: 25    God:
                   SH:  0    Dex: 14

rFire   + + +      SeeInvis .   o - staff of air
rCold   x . .      Faith    .   (no shield)
rNeg    . . .      Spirit   .   a - +0 robe
rPois   ∞          Reflect  .   j - +0 helmet
rElec   +          Harm     .   (no cloak)
rCorr   .          Rampage  .   (no gloves)
Will    .....                   (boots unavailable)
Stlth   ++........              (no amulet)
HPRegen 0.16/turn               (no ring)
MPRegen 0.00/turn               (no ring)

@: attractive, flying
A: sickness immunity, fire resistance 3, cold vulnerability 1, float, innate
caster, HP casting, extra vitality 1, agile 1, clever 1, MP-powered wands
a: no special abilities


You were on level 5 of the Dungeon.
You visited 1 branch of the dungeon, and saw 6 of its levels.

You collected 197 gold pieces.

Inventory:

Hand Weapons
 d - a +0 short sword of speed
 k - a +0 lajatang
Missiles
 f - 3 javelins
 s - 4 poisoned darts
Armour
 a - a +0 robe (worn)
 e - a +0 kite shield
 j - a +0 helmet (worn)
Magical Staves
 o - a staff of air (weapon)
Jewellery
 t - an amulet of the acrobat
Wands
 q - a wand of mindburst (17)
Scrolls
 b - 4 scrolls of blinking
 g - 2 scrolls of immolation
 h - 5 scrolls of teleportation
 i - 2 scrolls of amnesia
 l - 2 scrolls of magic mapping
 m - a scroll of fear
 n - a scroll of poison {unknown}
 p - 2 scrolls of enchant armour {unknown}
 r - a scroll of butterflies {unknown}
Potions
 u - a potion of lignification {unknown}


   Skills:
 + Level 3.5 Fighting
 - Level 2.6 Dodging
 - Level 1.5 Stealth
 - Level 4.0 Shields
 * Level 5.3 Spellcasting


You couldn't memorise any spells.
You knew the following spells:

 Your Spells              Type           Power      Damage    Failure   Level
a - Magic Dart            Conj           100%       1d8       1%          1
b - Searing Ray           Conj           66%        2d6       1%          2
c - Dazzling Flash        Conj/Hex       66%        N/A       2%          3
d - Fulminant Prism       Conj/Hex       16%        3d11      9%          4
e - Iskenderun's Mystic   Conj/Tloc      33%        2d8       9%          4
f - Beastly Appendage     Tmut           66%        N/A       1%          1
g - Scorch                Fire           66%        2d8       1%          2
h - Passwall              Tmut/Erth      27%        N/A       1%          2
Your spell library was empty.

Dungeon Overview and Level Annotations

Branches:
Dungeon (6/15)
 Temple: D:4-7

Altars:
Cheibriados

Shops:
D:2 :   D:5 (


Innate Abilities, Weirdness & Mutations

You are immune to sickness and miasma.
You are immune to poison.
Your flesh is almost immune to the effects of heat. (rF+++)
You are vulnerable to cold. (rC-)
You float through the air rather than walking.
You learn spells naturally, not from books.
Your magical power is your life essence.
You have superior vitality. (+4 MHP)
You are agile. (Dex +4, Str/Int -1)
Your mind is acute. (Int +4, Str/Dex -1)
You expend health (3 HP) to strengthen your wands.


Message History

The orc warrior is no longer more vulnerable to fire.
The orc wizard casts a spell at you. The magic dart hits you.
Casting: Searing Ray (safe; 1% risk of failure)
Confirm with . or Enter, or press ? or * to list all spells.
Restarting spell: Searing Ray (safe; 1% risk of failure)
Press: ? - help, Shift-Dir - straight line, f/p - orc warrior
Aim: an orc warrior, wielding a +0 flail, wearing a +0 plate armour, wearing an orb of guile and quivering stones (moderately wounded, 81% to hit)
The searing ray hits the orc warrior.
The orc warrior is moderately wounded. (Press . to maintain the ray.)
The orc warrior closely misses you. The orc wizard casts a spell at you.
The puff of flame hits you. You resist.
The searing ray hits the orc warrior.
The orc warrior is heavily wounded.
The orc warrior hits you with a +0 flail!
The orc wizard gestures at you while chanting.
You are confused.
The orc warrior closely misses you. The orc barely misses you.
The orc warrior misses you.
The orc wizard mumbles some strange words.
The orc wizard flickers and vanishes!
Deactivating autopickup; reactivate with Ctrl-A.
The orc hits you from afar with a +0 trident.
You're too confused to cast spells.
The orc warrior closely misses you. The orc closely misses you.
You fly upwards.
Reactivating autopickup.
There is a stone staircase leading down here.
You feel less confused.
The orc warrior hits you with a +0 flail!
* * * LOW HITPOINT WARNING * * *
The orc warrior attacks as you move away!
The orc warrior hits you with a +0 flail.
* * * LOW HITPOINT WARNING * * *
It was a potion of attraction.
You feel attractive to monsters.
The orc warrior hits you with a +0 flail!
You die...

#.#..#..........
#..............#
#..####.......##
############...#[...).
##...#...###......###..
##............#.........
#...........########....
#.:......>..########....
#......@o...............
##.........###.......###
##...#...## #.......#
######### #.......#
#.......# #########


You could see an orc warrior.

Vanquished Creatures
  A black bear (D:4)
  An ogre (D:5)
  A hound (D:4)
  An iron imp (D:4)
  A jelly (D:5)
  3 orc priests
  2 iguanas (D:5)
  2 orc wizards
  3 gnolls (D:4)
  8 adders
  2 white imps (D:5)
  An ufetubus (D:5)
  A worm (D:2)
  2 dart slugs (D:2)
  10 orcs
  7 ball pythons
  9 bats
  5 endoplasms
  6 giant cockroaches
  6 goblins
  6 hobgoblins
  8 jackals
  9 kobolds
  3 quokkas
  4 frilled lizards
  7 rats
109 creatures vanquished.

Vanquished Creatures (others)
  A plant (D:2)
1 creature vanquished.

Grand Total: 110 creatures vanquished

Notes
Turn   | Place    | Note
-------+----------+-------------------------------------------
     0 | D:1      | Cape the Djinni Conjurer began the quest for the Orb.
     0 | D:1      | Cape set off with the following spells memorised: Magic
                  | Dart, Searing Ray, Dazzling Flash, Fulminant Prism,
                  | Iskenderun's Mystic Blast.
     0 | D:1      | Reached XP level 1. HP: 15/15 MP: 0/0
   225 | D:1      | Reached XP level 2. HP: 20/22 MP: 0/0
   584 | D:1      | Reached XP level 3. HP: 25/26 MP: 0/0
   584 | D:1      | Learned a level 1 spell: Beastly Appendage
   588 | D:1      | Reached skill level 1 in Fighting
  1710 | D:2      | Reached skill level 1 in Shields
  1725 | D:2      | Reached XP level 4. HP: 28/32 MP: 0/0
  1760 | D:2      | Found Kargh's Book Emporium.
  1809 | D:2      | Found a faded altar of an unknown god.
  2474 | D:3      | Reached skill level 4 in Spellcasting
  2474 | D:3      | Reached XP level 5. HP: 22/38 MP: 0/0
  2474 | D:3      | Learned a level 2 spell: Scorch
  2869 | D:3      | Gained mutation: You expend health (3 HP) to strengthen
                  | your wands. [potion of mutation]
  2869 | D:3      | Gained mutation: Your flesh is almost immune to the effects
                  | of heat. (rF+++) [potion of mutation]
  2869 | D:3      | Gained mutation: Your mind is acute. (Int +4, Str/Dex -1)
                  | [potion of mutation]
  2869 | D:3      | Gained mutation: You are agile. (Dex +4, Str/Int -1)
                  | [potion of mutation]
  3182 | D:3      | Identified the +1 scale mail of Ludghia {rC- Str+4 Dex+3}
  3818 | D:4      | Found a snail-covered altar of Cheibriados.
  3825 | D:4      | Reached XP level 6. HP: 36/43 MP: 0/0
  3915 | D:4      | Noticed a black bear
  3922 | D:4      | Killed a black bear
  4333 | D:4      | Reached XP level 7. HP: 45/49 MP: 0/0
  4333 | D:4      | Learned a level 2 spell: Passwall
  4519 | D:5      | Entered Level 5 of the Dungeon
  4958 | D:5      | Reached skill level 5 in Spellcasting
  5212 | D:5      | Found Bucofasm's Antique Weapon Emporium.
  5701 | D:5      | Slain by an orc warrior

Illustrated notes

Levels and vault maps discovered:
D:1:      dpeg_arrival_morbid_curiosity, layout_loops_ring,
          serial_bayou_lagoon_b
D:2:      layout_basic, hellmonk_ecumenical_altar_heavens_door, serial_glass,
          glass_columns_a, glass_columns_b, glass_columns_a, glass_columns_a,
          glass_columns_c, glass_columns_c, glass_columns_a, glass_columns_a,
          serial_shops, nicolae_shop_trees, guppyfry_early_lair_pool
D:3:      layout_basic, chequers_serial_rivers_micro_c,
          dreamdust_princess_bridge
D:4:      layout_cave_pools, slow_altar_1, kennysheep_doodads,
          minmay_misc_feat_iff
D:5:      layout_rooms, serial_shops, kennysheep_mini
D:6:      layout_loops_ring, temple_statues, abandoned_shop,
          minmay_misc_feat_hallway

Skill      XL: |  1  2  3  4  5  6  7 |
---------------+----------------------+-----
Fighting       | 1 2 3 |  3.5
Shields        | 1 2 3 4 |  4.0
Spellcasting   | 4 5 |  5.3
Dodging        | |  2.6
Stealth        | |  1.5

Action                   |  1- 3 |  4- 6 |  7- 9 || total
-------------------------+-------+-------+-------++-------
Melee: Unarmed           |     1 |       |       ||     1
       Short sword       |     2 |       |       ||     2
       Lajatang          |       |    21 |       ||    21
 Cast: Magic Dart        |    37 |    55 |    23 ||   115
       Searing Ray       |    13 |    18 |    11 ||    42
       Scorch            |       |     7 |    18 ||    25
  Use: Potion            |       |     2 |     1 ||     3
       Scroll            |       |       |     7 ||     7
Armor: Robe              |     5 |    12 |       ||    17
Dodge: Dodged            |    16 |    20 |    16 ||    52
